 Dungeon Crawl Stone Soup version 0.29.0-4-gdea44cf6ec (webtiles) character file.

Game seed: 12277827212863379899

112 qw the Chopper (level 4, -8/26 HPs)
             Began as a Tengu Warper on Aug 28, 2022.
             Mangled by a gnoll
             ... wielding a +0 halberd
              (9 damage)
             ... on level 3 of the Dungeon.
             The game lasted 00:00:16 (2917 turns).

qw the Chopper (Tengu Warper)                       Turns: 2917, Time: 00:00:16

Health: -8/26      AC:  7    Str: 13    XL:     4   Next: 93%
Magic:  0/8        EV:  9    Int: 14    God:
Gold:   209        SH:  0    Dex: 13    Spells: 7/7 levels left

rFire   . . .      SeeInvis .   Y - +1 hand axe
rCold   . . .      Faith    .   (no shield)
rNeg    . . .      Spirit   +   i - +0 scale mail
rPois   +          Reflect  .   (helmet restricted)
rElec   .          Harm     .   d - +0 cloak
rCorr   .          Rampage  .   (no gloves)
Will    .....                   (boots unavailable)
Stlth   ..........              c - amulet of guardian spirit
HPRegen 0.08/turn               h - ring of poison resistance
MPRegen 0.11/turn               (no ring)

@: no status effects
A: beak, talons 3
a: no special abilities


You were on level 3 of the Dungeon.
You visited 1 branch of the dungeon, and saw 3 of its levels.

You collected 209 gold pieces.


Innate Abilities, Weirdness & Mutations

You have a beak for a mouth.
You have claws for feet.


   Skills:
 - Level 2.0 Fighting
 + Level 5.4 Axes
 - Level 1.0 Throwing
 - Level 1.1 Armour
 - Level 2.1 Dodging
 - Level 2.0 Spellcasting
 - Level 2.4 Translocations


You had 7 spell levels left.
You didn't know any spells.
Your spell library contained the following spells:

 Spells                   Type           Power      Damage    Failure   Level
 Blink                    Tloc           16%        N/A       54%         2
 Gell's Gravitas          Tloc           8%         N/A       78%         3
 Lesser Beckoning         Tloc           8%         N/A       78%         3
 Teleport Other           Tloc           8%         N/A       78%         3
 Manifold Assault         Tloc           8%         N/A       100%        5

Inventory:

Hand Weapons
 k - a +2 mace of draining
 Y - a +1 hand axe (weapon)
Armour
 b - a +0 plate armour
 d - a +0 cloak (worn)
 i - a +0 scale mail (worn)
Jewellery
 c - an amulet of guardian spirit (around neck)
 h - a ring of poison resistance (left hand)
Scrolls
 e - a scroll of noise {unknown}
 g - a scroll of teleportation {unknown}
 l - a scroll of fog {unknown}
 m - a scroll of silence {unknown}
 n - a scroll of identify {unknown}
Potions
 a - a potion of flight {unknown}
 f - a potion of curing {unknown}
 j - 2 potions of lignification {unknown}

Dungeon Overview and Level Annotations

Branches:
Dungeon (3/15)

Altars:
Sif Muna

Shops:
D:2 [


Message History

You hit the adder.
You kill the adder!
You start resting.
HP restored.
n - a scroll labelled TALEL VAOWKOLUSS A gnoll comes into view.
It is wielding a +0 halberd. 2 gnolls come into view.
The gnoll shouts!
A gnoll comes into view. It is wielding a +0 flail.
The gnoll shouts!
The gnoll hits you but does no damage.
You completely miss the gnoll. The gnoll hits you with a +0 halberd.
You hit the gnoll but do no damage. Your kick misses the gnoll.
You hit the gnoll. The gnoll barely misses you.
The gnoll hits you with a +0 halberd.
You closely miss the gnoll. Your kick misses the gnoll.
Your peck misses the gnoll.
The gnoll is moderately wounded.
You hit the gnoll. The gnoll hits you with a +0 club.
You slash the gnoll! Your kick misses the gnoll.
The gnoll is severely wounded.
You hit the gnoll. The gnoll closely misses you. x2
You hit the gnoll.
You kill the gnoll!
You hit the gnoll. x2
The gnoll hits you with a +0 flail! The gnoll misses you.
You hit the gnoll.
The gnoll is severely wounded.
You hit the gnoll but do no damage. The gnoll barely misses you.
The gnoll completely misses you.
The gnoll hits you from afar with a +0 halberd!
You hit the gnoll.
You kill the gnoll!
You hit the gnoll but do no damage. The gnoll closely misses you.
The gnoll hits you from afar with a +0 halberd!
You die...

#..# #.......# ##.#
#############...(...#
##.###
#...........#.......#
#...##
#...........#.......#
###..###
#...........#####'#.#
##...## #...........
###.#.# ###..## ...g.....
#...... ##..# #..).#
###.#.### #########.#
#)@g.# ##...#.#
......###'#####....#
##..###.#
......##..........)####..##
#.###
......##...........#......#
#.#..
......##.........###......#
#.#.#
...............#.###......#
#.#.#
###............#...#......#
#.#..
#............###........#
#.#..
#..........).+...>......#
#.#..


You could see 2 gnolls.

Vanquished Creatures
  2 gnolls (D:3)
  4 adders
  3 dart slugs
  An orc (D:3)
  6 ball pythons
  6 bats
  6 endoplasms
  3 giant cockroaches
  3 goblins (D:2)
  A hobgoblin (D:2)
  4 jackals (D:1)
  14 kobolds
  A quokka (D:2)
  A frilled lizard (D:1)
  2 rats (D:2)
57 creatures vanquished.

Notes
Turn   | Place    | Note
-------+----------+-------------------------------------------
     0 | D:1      | qw the Tengu Warper began the quest for the Orb.
     0 | D:1      | Reached XP level 1. HP: 12/12 MP: 4/4
     0 | D:1      | 0 ||| qw: Version: 0.1-a-89-g26bdef1
     0 | D:1      | 0 ||| qw: Game counter: 1957
     0 | D:1      | 0 ||| qw: Always use a shield: true
     0 | D:1      | 0 ||| qw: God list: Okawaru
     0 | D:1      | 0 ||| qw: Allow faded altars: false
     0 | D:1      | 0 ||| qw: Do Orc after D:15 true
     0 | D:1      | 0 ||| qw: Do second Lair branch before Depths: true
     0 | D:1      | 0 ||| qw: Lair rune preference: random
     0 | D:1      | 0 ||| qw: Plans: Normal
     0 | D:1      | 0 ||| PLANNING D:1-11
   239 | D:1      | Reached XP level 2. HP: 17/17 MP: 6/6
   240 | D:1      | Reached skill level 3 in Axes
   633 | D:1      | Reached XP level 3. HP: 15/21 MP: 7/7
  1098 | D:1      | Found a faded altar of an unknown god.
  1103 | D:1      | Reached skill level 4 in Axes
  1121 | D:1      | 1121 ||| UPGRADING to +0 cloak.
  1126 | D:1      | 1126 ||| UPGRADING to ring of poison resistance.
  1127 | D:1      | 1127 ||| READING scroll labelled KAYZAN ZEJI.
  1128 | D:1      | 1128 ||| READING scroll labelled DABEOH HIUWKA.
  1129 | D:1      | 1129 ||| READING scroll labelled HAYGINO SAGICH.
  1130 | D:1      | 1130 ||| DROPPING scroll of blinking.
  1322 | D:2      | 1322 ||| Stepping ~*~*~tactically~*~*~ (stealth).
  1323 | D:2      | 1323 ||| Stepping ~*~*~tactically~*~*~ (stealth).
  1640 | D:2      | Found a shimmering blue altar of Sif Muna.
  1744 | D:2      | Reached XP level 4. HP: 26/26 MP: 8/8
  1760 | D:2      | Found Geawo's Armour Shoppe.
  1770 | D:2      | 1770 ||| SHOPLISTING +1 cloak (161 gold, have 108).
  1770 | D:2      | 1770 ||| SHOPLISTING +3 scale mail "Bulaer" {rN+} (422
                  | gold, have 108).
  2011 | D:2      | 2011 ||| UPGRADING to +0 scale mail.
  2021 | D:2      | 2021 ||| DROPPING +0 leather armour.
  2022 | D:2      | 2022 ||| UPGRADING to amulet of guardian spirit.
  2027 | D:2      | 2027 ||| READING scroll labelled TUFYOT PUTTEFE.
  2170 | D:3      | 2170 ||| DROPPING +0 mace.
  2219 | D:3      | 2219 ||| Stepping ~*~*~tactically~*~*~ (stealth).
  2221 | D:3      | 2221 ||| Stepping ~*~*~tactically~*~*~ (hiding).
  2376 | D:3      | 2376 ||| Stepping ~*~*~tactically~*~*~ (stealth).
  2454 | D:3      | 2454 ||| Stepping ~*~*~tactically~*~*~ (stealth).
  2471 | D:3      | Reached skill level 5 in Axes
  2581 | D:3      | 2581 ||| Stepping ~*~*~tactically~*~*~ (stealth).
  2583 | D:3      | 2583 ||| Stepping ~*~*~tactically~*~*~ (stealth).
  2630 | D:3      | 2630 ||| Stepping ~*~*~tactically~*~*~ (stealth).
  2631 | D:3      | 2631 ||| Stepping ~*~*~tactically~*~*~ (stealth).
  2635 | D:3      | 2635 ||| Stepping ~*~*~tactically~*~*~ (stealth).
  2668 | D:3      | 2668 ||| Stepping ~*~*~tactically~*~*~ (stealth).
  2669 | D:3      | 2669 ||| Stepping ~*~*~tactically~*~*~ (stealth).
  2916 | D:3      | HP: 1/26 [gnoll/+0 halberd (9)]
  2917 | D:3      | Mangled by a gnoll

Levels and vault maps discovered:
D:1:      matt_arrival_los_fun, layout_basic, nicolae_ecumenical_lake_church
D:2:      layout_basic, serial_shops, nicolae_shop_hallway_plus, basic_altar
D:3:      layout_basic

Skill      XL: |  1  2  3  4 |
---------------+-------------+-----
Axes           | 3 4 5 |  5.4
Fighting       | |  2.0
Throwing       | |  1.0
Armour         | |  1.1
Dodging        | |  2.1
Spellcasting   | |  2.0
Translocations | |  2.4

Action                   |  1- 3 |  4- 6 || total
-------------------------+-------+-------++-------
Melee: Hand axe          |    97 |    60 ||   157
       Kick              |    21 |     8 ||    29
       Peck              |    12 |     6 ||    18
       Punch             |     1 |       ||     1
Throw: Boomerang         |     7 |       ||     7
  Use: Scroll            |     3 |     1 ||     4
Armor: Leather armour    |    37 |     1 ||    38
       Scale mail        |       |    19 ||    19
Dodge: Dodged            |    55 |    32 ||    87

Table legend:
 A = Non-vault XP
 B = Vault XP
 C = Vault XP percentage of total XP
 D = Non-vault monster count
 E = Vault monster count
 F = Vault count percentage of total count
                 A         B        C        D         E       F
            +---------+---------+-------+---------+---------+-------
      Total |     174 |       0 |   0.0 |      57 |       0 |   0.0
            +---------+---------+-------+---------+---------+-------
        D:1 |      48 |       0 |   0.0 |      25 |       0 |   0.0
        D:2 |      49 |       0 |   0.0 |      16 |       0 |   0.0
        D:3 |      77 |       0 |   0.0 |      16 |       0 |   0.0
            +---------+---------+-------+---------+---------+-------
